 Dungeon Crawl Stone Soup version 0.31.0-9-g3a7656b989 (webtiles) character file.

Game seed: 10940184067965003142

2324 qw the Skirmisher (level 9, -6/44 HPs)
             Began as a Spriggan Hunter on Feb 2, 2024.
             Was a Believer of Okawaru.
             Mangled by a yak (7 damage)
             ... on level 6 of the Dungeon.
             The game lasted 00:00:25 (4858 turns).

qw the Skirmisher (Spriggan Hunter)                 Turns: 4858, Time: 00:00:26

Health: -6/44      AC:  4    Str:  7    XL:     9   Next: 19%
Magic:  13/13      EV: 24    Int: 10    God:    Okawaru [**....]
Gold:   254        SH:  0    Dex: 23    Spells: 8/8 levels left

rFire   . . .        i - +0 orcbow
rCold   + . .        (shield currently unavailable)
rNeg    . . .        b - +0 troll leather armour {Pargi}
rPois   .            (helmet restricted)
rElec   .            n - +0 cloak
rCorr   .            (gloves unavailable)
SInv    +            (boots unavailable)
Will    +....        (no amulet)
Stlth   ++           (no ring)
HPRegen 1.07/turn    (no ring)
MPRegen 0.13/turn

%: no passive effects
@: about to teleport, very quick
A: very small, no large weapons, unfitting armour, see invisible, speed 3, cold
resistance 1
a: Renounce Religion, Heroism


You were on level 6 of the Dungeon.
You worshipped Okawaru.
Okawaru was pleased with you.
You visited 2 branches of the dungeon, and saw 7 of its levels.
You also visited: Sewer.

You collected 254 gold pieces.


Innate Abilities, Weirdness & Mutations

You are very small and have problems with some larger weapons.
You are too small for most types of armour.
You have supernaturally acute eyesight. (SInv)
You cover ground extremely quickly. (Speed+++)
Your flesh is cold resistant. (rC+)


   Skills:
 - Level 3.2 Fighting
 + Level 9.7 Ranged Weapons
 - Level 9.0 Dodging
 - Level 1.5 Stealth
 - Level 4.2 Invocations


You had 8 spell levels left.
You didn't know any spells.
Your spell library was empty.

Inventory:

Hand Weapons
 i - a +0 orcbow (weapon)
Armour
 b - a +0 troll leather armour (worn) {Pargi}
 n - a +0 cloak (worn)
Wands
 c - a wand of digging (4)
Scrolls
 h - a scroll of identify
Potions
 a - a potion of cancellation {unknown}
 d - 2 potions of heal wounds
 e - a potion of resistance
 f - a potion of haste
 g - a potion of mutation

Dungeon Overview and Level Annotations

Branches:
Dungeon (6/15)             Temple (1/1) D:5           Sewer (visited)

Altars:
Ashenzari
Cheibriados
Dithmenos
Elyvilon
Fedhas
Gozag
Hepliaklqana
Kikubaaqudgha
Makhleb
Nemelex Xobeh
Okawaru
Qazlal
Ru
Sif Muna
Trog
Uskayaw
Vehumet
Wu Jian
Xom
Yredelemnul
The Shining One


Message History

You shoot an arrow. The arrow barely misses the gnoll.
The arrow hits the centaur.
The centaur is moderately wounded.
The gnoll hits you but does no damage.
You shoot an arrow. The arrow hits the gnoll.
You kill the gnoll!
Okawaru accepts your kill.
The centaur wields a +0 orcbow.
The centaur shoots an arrow.
The arrow completely misses you.
You shoot an arrow. The arrow hits the yak!
The yak is severely wounded.
The yak misses you.
You shoot an arrow. The arrow hits the yak!
The yak is almost dead.
The yak gores you!
You shoot an arrow. The arrow hits the yak!
You kill the yak!
Okawaru is honoured by your kill.
The centaur shoots an arrow.
The arrow misses you.
You shoot an arrow.
The arrow hits the yak but does no damage.
The yak gores you.
You shoot an arrow. The arrow hits the yak!
The yak is moderately wounded.
The yak closely misses you.
You shoot an arrow. The arrow barely misses the yak.
The arrow hits the centaur.
The centaur is moderately wounded.
The yak completely misses you.
You shoot an arrow.
The arrow hits the yak but does no damage.
The yak is moderately wounded.
The yak gores you!
4857 ||| READING scroll of teleportation.
As you read the scroll of teleportation, it crumbles to dust.
You feel strangely unstable. The yak completely misses you.
You shoot an arrow. The arrow barely misses the yak.
The arrow hits the centaur.
The centaur is heavily wounded.
The yak gores you! x2
You die...

#. ..# # #. c.# .##
.###Y###$.# .. ....
..$.# ... #..##.#.#
....# ..# #Y#..?.#
#### ...# #.#
#...#### ..z.....#
#.####Y##
z.......####...@Yc#
..z........#.####
#..#........#####
#...............#
#......#####.#
#.....<....#
#######)########.#
........)........#
.######.##########


You could see 2 yaks and a centaur.

Vanquished Creatures
  Sigmund (D:2)
  2 yaks (D:6)
  A water moccasin (D:5)
  Pargi (Sewer)
  An ice beast (D:5)
  An ogre (D:3)
  A centaur (D:5)
  A phantom (D:5)
  A brain worm (Sewer)
  4 scorpions (D:5)
  5 wights (D:6)
  2 howler monkeys (D:5)
  4 bombardier beetles
  2 orc priests (D:3)
  3 hounds
  A sleepcap (D:5)
  6 orc wizards
  9 adders
  2 gnolls
  2 river rats (D:3)
  A white imp (D:5)
  A ribbon worm (D:5)
  8 dart slugs
  18 orcs
  5 endoplasms
  4 giant cockroaches
  12 goblins
  6 hobgoblins
  8 jackals
  3 quokkas
  11 ball pythons
  8 bats
  4 frilled lizards
  9 kobolds
  14 rats
162 creatures vanquished.

Notes
Turn   | Place    | Note
-------+----------+-------------------------------------------
     0 | D:1      | qw the Spriggan Hunter began the quest for the Orb.
     0 | D:1      | Reached XP level 1. HP: 10/10 MP: 2/2
     0 | D:1      | 0 ||| qw: Version: 0.3-a-155-g5e7d8dd
     0 | D:1      | 0 ||| qw: Game counter: 810
     0 | D:1      | 0 ||| qw: Melee chars always use a shield: true
     0 | D:1      | 0 ||| qw: God list: Okawaru
     0 | D:1      | 0 ||| qw: Allow faded altars: false
     0 | D:1      | 0 ||| qw: Do Orc after clearing Dungeon:15 true
     0 | D:1      | 0 ||| qw: Do second Lair branch before Depths: true
     0 | D:1      | 0 ||| qw: Lair rune preference: random
     0 | D:1      | 0 ||| qw: Goals: Normal
     0 | D:1      | 0 ||| PLANNING D:1-11
    31 | D:1      | Reached skill level 3 in Dodging
    46 | D:1      | 46 ||| RETREEEEATING.
    58 | D:1      | Reached XP level 2. HP: 7/14 MP: 3/3
   290 | D:1      | Reached XP level 3. HP: 14/18 MP: 4/4
   493 | D:1      | Found a faded altar of an unknown god.
   609 | D:1      | 609 ||| READING scroll labelled JAQUHE HUZIOLEO.
   614 | D:1      | 614 ||| READING scroll labelled GUD LOQECAY.
   614 | D:1      | 614 ||| ENCHANTING +0 shortbow.
   615 | D:1      | 615 ||| READING scroll labelled KAKHLU NEICARUQ.
   616 | D:1      | 616 ||| DROPPING scroll of butterflies.
   662 | D:2      | Noticed Sigmund
   664 | D:2      | HP: 4/18 [Sigmund/magic dart (7)]
   666 | D:2      | HP: 1/18 [Sigmund/+0 scythe (3)]
   670 | D:2      | Killed Sigmund
   671 | D:2      | Reached skill level 6 in Ranged Weapons
   671 | D:2      | Reached XP level 4. HP: 3/22 MP: 5/5
   671 | D:2      | Reached XP level 5. HP: 3/25 MP: 6/6
  1202 | D:2      | 1202 ||| READING 2 scrolls labelled KANOANAMYU.
  1203 | D:2      | 1203 ||| READING scroll labelled POPNAL VASIN.
  1304 | D:2      | 1304 ||| READING scroll labelled RUFOLASS VAFU.
  1305 | D:2      | 1305 ||| DRINKING 2 fizzy orange potions.
  1305 | D:2      | Gained mutation: Your flesh is cold resistant. (rC+)
                  | [potion of mutation]
  1306 | D:2      | 1306 ||| DROPPING scroll of poison.
  1323 | D:3      | 1323 ||| PLANNING SEWER
  1366 | D:3      | Reached XP level 6. HP: 29/30 MP: 7/7
  1676 | D:3      | Found a glowing drain.
  1690 | D:3      | Reached skill level 6 in Dodging
  1718 | D:3      | 1718 ||| READING scroll labelled WUDOER NIQU.
  1718 | D:3      | 1718 ||| IDENTIFYING silvery potion
  1723 | Sewer    | Entered a sewer
  1742 | Sewer    | Noticed Pargi
  1743 | Sewer    | 1743 ||| DRINKING potion of haste.
  1767 | Sewer    | Killed Pargi
  1768 | Sewer    | Reached XP level 7. HP: 20/35 MP: 8/8
  2033 | Sewer    | 2033 ||| UPGRADING to +0 troll leather armour {Pargi}.
  2043 | Sewer    | 2043 ||| DROPPING +0 robe.
  2044 | Sewer    | 2044 ||| READING scroll labelled VUQINI XI KUU.
  2045 | Sewer    | 2045 ||| DRINKING 2 clear potions.
  2046 | Sewer    | 2046 ||| DROPPING potion of magic.
  2066 | D:3      | 2066 ||| PLANNING D:1-11
  2355 | D:3      | 2355 ||| FLEEEEING.
  2356 | D:3      | 2356 ||| FLEEEEING.
  2357 | D:3      | 2357 ||| FLEEEEING.
  2782 | D:3      | 2782 ||| READING 2 scrolls labelled TITRAT VIDO.
  2783 | D:3      | 2783 ||| DRINKING 2 coppery potions.
  2784 | D:3      | 2784 ||| DROPPING scroll of blinking.
  3422 | D:4      | 3422 ||| UPGRADING to +0 cloak.
  3427 | D:4      | 3427 ||| DROPPING amulet of magic regeneration.
  3428 | D:4      | 3428 ||| READING scroll labelled GEOMIE DECIGG.
  3429 | D:4      | 3429 ||| READING scroll labelled SUZUUC CEOV.
  3430 | D:4      | 3430 ||| READING scroll labelled LUPTEGAIRGH.
  3430 | D:4      | 3430 ||| ENCHANTING +0 shortbow.
  3487 | D:5      | Entered Level 5 of the Dungeon
  3528 | D:5      | Found a shadowy altar of Dithmenos.
  3552 | D:5      | Found a staircase to the Ecumenical Temple.
  3553 | D:5      | 3553 ||| PLANNING TEMPLE
  3553 | D:5      | 3553 ||| READING scroll of identify.
  3553 | D:5      | 3553 ||| IDENTIFYING pink potion
  3563 | Temple   | Found a transporter.
  3563 | Temple   | Found a transporter.
  3563 | Temple   | Found a transporter.
  3563 | Temple   | Found a transporter.
  3563 | Temple   | Entered the Ecumenical Temple
  3564 | Temple   | 3564 ||| PLANNING D:1-11
  3564 | Temple   | 3564 ||| READING scroll of identify.
  3564 | Temple   | 3564 ||| IDENTIFYING lumpy purple potion
  3565 | Temple   | 3565 ||| DROPPING potion of attraction.
  3574 | Temple   | 3574 ||| PLANNING OKAWARU WORSHIP
  3577 | Temple   | Became a worshipper of Warmaster Okawaru
  3578 | Temple   | 3578 ||| PLANNING D:1-11
  3697 | D:5      | Found a shimmering altar of Xom.
  3708 | D:5      | 3708 ||| DROPPING +4 sling.
  3859 | D:5      | Reached skill level 3 in Fighting
  3880 | D:5      | Reached XP level 8. HP: 40/40 MP: 9/9
  4050 | D:5      | HP: 10/40 [poisoned by a water moccasin]
  4053 | D:5      | HP: 4/40 [poisoned by a water moccasin]
  4058 | D:5      | HP: 3/40 [poisoned by a water moccasin]
  4152 | D:5      | Reached * piety under Okawaru
  4169 | D:5      | 4169 ||| DRINKING sapphire potion.
  4170 | D:5      | 4170 ||| DRINKING dark potion.
  4219 | D:5      | 4219 ||| SWAPPING to +0 orcbow.
  4220 | D:5      | 4220 ||| DROPPING +1 shortbow.
  4289 | D:5      | Reached skill level 1 in Invocations
  4351 | D:5      | Reached skill level 9 in Ranged Weapons
  4551 | D:5      | Reached skill level 3 in Invocations
  4718 | D:6      | Found the +6 shillelagh "Devastator" {shatter}
  4762 | D:6      | 4762 ||| RETREEEEATING.
  4764 | D:6      | 4764 ||| RETREEEEATING.
  4767 | D:6      | 4767 ||| RETREEEEATING.
  4771 | D:6      | 4771 ||| RETREEEEATING.
  4773 | D:6      | 4773 ||| RETREEEEATING.
  4780 | D:6      | Reached skill level 9 in Dodging
  4790 | D:6      | Reached ** piety under Okawaru
  4791 | D:6      | Reached XP level 9. HP: 40/44 MP: 12/12
  4824 | D:6      | 4824 ||| RETREEEEATING.
  4834 | D:6      | 4834 ||| RETREEEEATING.
  4835 | D:6      | 4835 ||| RETREEEEATING.
  4836 | D:6      | 4836 ||| RETREEEEATING.
  4837 | D:6      | 4837 ||| RETREEEEATING.
  4856 | D:6      | HP: 10/44 [yak (14)]
  4857 | D:6      | 4857 ||| READING scroll of teleportation.
  4858 | D:6      | HP: 1/44 [yak (12)]
  4858 | D:6      | Mangled by a yak

Levels and vault maps discovered:
D:1:      lemuel_arrival_room, layout_rooms,
          hellmonk_ecumenical_altar_leap_of_faith, st_stairs_10,
          corexii_item_surrounded_by_moat, minmay_heptomino_w4
D:2:      layout_basic, uniq_sigmund
D:3:      minmay_recursive_quarters, layout_basic, portal_sewer_entry_e,
          st_stairs_5, minmay_misc_feat_secret_circle
D:4:      layout_loops_ring
D:5:      minmay_razor_zed, layout_loops_ring,
          mainiacjoe_overflow_cross_hatched, general_overflow_altar,
          minmay_temple_entry_sparse_star, grunt_ministairs_15
D:6:      layout_basic, minmay_misc_feat_nine_boxes
Temple:   hellmonk_temple_divided_pantheon

Skill      XL: |  1  2  3  4  5  6  7  8  9 |
---------------+----------------------------+-----
Dodging        | 3 4 5 6 7 9 |  9.0
Ranged Weapons | 6 8 9 |  9.7
Fighting       | 2 3 |  3.2
Invocations    | 3 4 |  4.2
Stealth        | |  1.5

Action                     |  1- 3 |  4- 6 |  7- 9 || total
---------------------------+-------+-------+-------++-------
   Fire: Shortbow          |   108 |   134 |   275 ||   517
         Orcbow            |       |       |   112 ||   112
    Use: Scroll            |     3 |     4 |     8 ||    15
         Potion            |       |     2 |     4 ||     6
 Armour: Robe              |    18 |    17 |     1 ||    36
         Troll leather arm |       |       |    95 ||    95
  Dodge: Dodged            |    39 |    69 |   271 ||   379

Table legend:
 A = Non-vault XP
 B = Vault XP
 C = Vault XP percentage of total XP
 D = Non-vault monster count
 E = Vault monster count
 F = Vault count percentage of total count
                 A         B        C        D         E       F
            +---------+---------+-------+---------+---------+-------
      Total |    1854 |    1466 |  44.2 |     113 |      49 |  30.2
            +---------+---------+-------+---------+---------+-------
        D:1 |      57 |      12 |  17.4 |      31 |       8 |  20.5
        D:2 |      51 |     223 |  81.4 |      15 |       1 |   6.2
        D:3 |     286 |     206 |  41.9 |      29 |      19 |  39.6
        D:4 |     198 |       0 |   0.0 |      18 |       0 |   0.0
        D:5 |     472 |     790 |  62.6 |      12 |      13 |  52.0
        D:6 |     790 |       0 |   0.0 |       8 |       0 |   0.0
      Sewer |       0 |     235 | 100.0 |       0 |       8 | 100.0
            +---------+---------+-------+---------+---------+-------
